 Dungeon Crawl Stone Soup version 0.26-a0-591-g04f19ec (webtiles) character file.

Game seed: 4399013427093963321

24269 thedisplayname the Severer (level 13, -17/177 HPs)
             Began as a Hill Orc Fighter on Aug 24, 2020.
             Was an Elder of Beogh.
             Demolished by a komodo dragon (22 damage)
             ... on level 1 of the Lair of Beasts.
             The game lasted 00:47:21 (16483 turns).

thedisplayname the Severer (Hill Orc Fighter)      Turns: 16483, Time: 00:47:21

Health: -17/177    AC: 17    Str: 34    XL:     13   Next: 12%
Magic:  11/14      EV:  9    Int:  8    God:    Beogh [****..]
Gold:   758        SH: 14    Dex: 13    Spells: 12/12 levels left

rFire    . . .     SeeInvis .   W - +7 hand axe "Ytozxyov" {freeze, +Rage rC+ rN+++}
rCold    + + .     Faith    +   c - +0 kite shield
rNeg     + + +     Spirit   .   b - +0 scale mail
rPois    .         Reflect  .   i - +0 helmet
rElec    .         Harm     .   (no cloak)
rCorr    .                      y - +2 pair of gloves
MR       .....                  R - +2 pair of boots {Stlth+}
Stlth    ..........             f - amulet of faith
HPRegen  0.39/turn              d - ring of Adilium {rC+ rN+ Str+4 Dex+3}
MPRegen  0.14/turn              A - +6 ring of strength

@: berserking, very quick
A: no striking features
a: Smiting, Recall Orcish Followers, Renounce Religion, Evoke Berserk Rage


You were on level 1 of the Lair of Beasts.
You worshipped Beogh.
Beogh was greatly pleased with you.
You visited 3 branches of the dungeon, and saw 15 of its levels.
You also visited: Ossuary.

You collected 1913 gold pieces.
You spent 1155 gold pieces at shops.

Inventory:

Hand Weapons
 U - a +7 vorpal war axe
 W - the +7 hand axe "Ytozxyov" (weapon) {freeze, +Rage rC+ rN+++}
   (You acquired it on level 8 of the Dungeon)

   It has been specially enchanted to freeze those struck by it, causing extra
   injury to most foes and up to half again as much damage against particularly
   susceptible opponents.
   It can also slow down cold-blooded creatures.
   It protects you from cold.
   It renders you almost immune to negative energy.
   It lets you go berserk.
Missiles
 h - 3 throwing nets (quivered)
Armour
 b - a +0 scale mail (worn)
 c - a +0 kite shield (worn)
 i - a +0 helmet (worn)
 t - a +0 tower shield
 y - a +2 pair of gloves (worn)
 G - a scarf of harm
 R - a +2 pair of boots of stealth (worn)
Jewellery
 d - the ring of Adilium (left hand) {rC+ rN+ Str+4 Dex+3}
   (You acquired it in an ossuary)

   [ring of positive energy]

   It affects your strength (+4).
   It affects your dexterity (+3).
   It protects you from cold.
   It protects you from negative energy.
 f - an amulet of faith (around neck)
 l - an uncursed amulet of the acrobat
 v - an uncursed ring of protection from cold
 z - an uncursed ring of protection from fire
 A - a +6 ring of strength (right hand)
 K - an uncursed amulet of magic regeneration
 L - an uncursed ring of see invisible
 X - an uncursed ring of resist corrosion
Wands
 n - a wand of flame (18)
 o - a wand of disintegration (24)
 r - a wand of enslavement (11)
 w - a wand of iceblast (4)
 B - a wand of digging (11)
 C - a wand of random effects (20)
 D - a wand of polymorph (15)
 M - a wand of acid (20)
 O - a wand of paralysis (14)
Scrolls
 e - 5 scrolls of teleportation
 k - a scroll of enchant weapon
 p - 3 scrolls of fear
 s - 2 scrolls of fog
 u - 5 scrolls of magic mapping
 H - 8 scrolls of remove curse
 I - 3 scrolls of identify
 Q - a scroll of vulnerability {unknown}
 V - 2 scrolls of amnesia
Potions
 g - 5 potions of haste
 j - a potion of heal wounds
 m - 9 potions of lignification
 q - 7 potions of curing
 x - 7 potions of flight
 F - a potion of mutation {unknown}
 J - 2 potions of stabbing {unknown}
 N - a potion of cancellation
 P - a potion of ambrosia {unknown}
Miscellaneous
 a - a box of beasts (3/3)
 T - a phantom mirror
 Y - a tin of tremorstones (3/3)


   Skills:
 + Level 12.0 Fighting
 + Level 16.7 Axes
 * Level 11.3 Armour
 + Level 11.1 Shields
 + Level 2.6 Invocations


You had 12 spell levels left.
You didn't know any spells.
Your spell library contained the following spells:

 Spells                   Type           Power        Failure   Level
 Corona                   Hex            #......      77%         1
 Ensorcelled Hibernation  Hex/Ice        #.....       88%         2
 Confusing Touch          Hex            #.......     98%         3
 Dazzling Flash           Conj/Hex       #.....       98%         3
 Tukima's Dance           Hex            #.......     98%         3


Dungeon Overview and Level Annotations

Branches:
Dungeon (13/15)            Temple (1/1) D:5            Lair (1/6) D:9
    Orc (0/2) D:9         Ossuary (visited)
 Vaults: D:13-14

Altars:
Ashenzari
Cheibriados
Dithmenos
Elyvilon
Fedhas
Gozag
Hepliaklqana
Kikubaaqudgha
Makhleb
Nemelex Xobeh
Okawaru
Qazlal
Ru
Sif Muna
Trog
Uskayaw
Vehumet
Wu Jian
Xom
Yredelemnul
Zin
The Shining One

Shops:
D:8 *

Annotations:
D:4 2 transporters, slippy's ghost, amateur KoDe


Message History

* * * LOW HITPOINT WARNING * * *
You are too berserk!
You slash the dream sheep! You freeze the dream sheep.
You kill the dream sheep!
Beogh accepts your kill.
You hit the komodo dragon.
The komodo dragon seems to slow down.
You freeze the komodo dragon. You hit the komodo dragon.
The komodo dragon seems to slow down.
You freeze the komodo dragon. You hit the komodo dragon.
The komodo dragon seems to slow down.
You freeze the komodo dragon. The komodo dragon bites you.
* * * LOW HITPOINT WARNING * * *
You completely miss the komodo dragon.
The komodo dragon is lightly wounded.
You slash the komodo dragon!
The komodo dragon seems to slow down.
You freeze the komodo dragon. You hit the komodo dragon.
You freeze the komodo dragon.
You kill the komodo dragon!
Beogh accepts your kill. The komodo dragon bites you!!
You die...

###.##... # #####P.......
. . #....P...#... ..#.
#....^...##.. ....#####
###.......##... ........#
#.........###..
#.......###..............
......rD..†..†.......##..
......†l@....._......#...
#.P...†l)................
........##.......#.......
..(......................
.........P#.........>....
..##...........#.÷.....##
# #....#.##.........<##
.....####...........#
...#...###....


You could see a six-headed hydra, 2 komodo dragons and a porcupine.

Vanquished Creatures
  A sphinx (D:10)
  Harold (D:7)
  A centaur warrior (D:13)
  An ogre mage (D:11)
  A catoblepas (Lair:1)
  5 two-headed ogres
  An unseen horror (D:13)
  Pikel (D:6)
  2 ugly things (D:13)
  2 gargoyles
  3 komodo dragons (Lair:1)
  3 meliai (D:10)
  Grinder (D:4)
  A troll (D:11)
  A hornet (shapeshifter) (D:13)
  3 slime creatures (D:12)
  4 dream sheep (Lair:1)
  4 hippogriffs
  A vampire (D:13)
  2 shadows
  7 yaks
  2 wyverns
  A steam dragon (D:7)
  15 two-headed ogre zombies (D:11)
  2 wargs (D:9)
  A soldier ant (D:10)
  A water moccasin (D:6)
  A porcupine (Lair:1)
  Duvessa (D:6)
  6 orc warriors
  3 phantoms
  7 ogres
  A crocodile (D:12)
  8 centaurs
  14 bullfrogs
  3 big kobolds
  Dowan (D:6)
  A wyvern skeleton (D:12)
  3 scorpions
  A water moccasin skeleton (D:8)
  A howler monkey (D:9)
  8 wights
  A bullfrog zombie (D:6)
  A jelly (D:7)
  2 centaur skeletons
  2 centaur zombies
  5 hounds
  10 orc wizards
  3 bullfrog skeletons
  Ijyb (D:3)
  2 iguanas
  9 worker ants
  2 big kobold zombies (Ossuary)
  A killer bee zombie (D:8)
  2 hound skeletons
  2 mummies (Ossuary)
  Robin (D:2)
  2 worker ant zombies
  8 gnolls (D:5)
  16 adders
  3 shadow imps
  3 white imps
  6 ufetubi
  An ooze (D:1)
  3 adder skeletons
  3 adder zombies
  4 worms
  A dart slug (D:5)
  8 leopard geckos
  56 orcs
  A ball python (D:3)
  4 bats
  6 giant cockroaches
  23 goblins
  12 hobgoblins
  14 jackals
  3 quokkas
  4 frilled lizards
  11 hobgoblin zombies (Ossuary)
  3 jackal zombies
  15 kobolds
  9 kobold zombies (Ossuary)
  A leopard gecko skeleton (D:6)
  9 orc zombies (Ossuary)
  8 rats
  2 rat zombies
410 creatures vanquished.

Vanquished Creatures (collateral kills)
  A hydra (Lair:1)
  A gargoyle (D:13)
  An eye of draining (D:13)
  2 bullfrogs (D:11)
  A hound (D:13)
  An ogre zombie (D:11)
7 creatures vanquished.

Vanquished Creatures (others)
  An orc knight (Lair:1)
  An orc priest (D:9)
  An orc (D:4)
  2 plants
5 creatures vanquished.

Grand Total: 422 creatures vanquished

Notes
Turn   | Place    | Note
-------+----------+-------------------------------------------
     0 | D:1      | thedisplayname the Hill Orc Fighter began the quest for the
                  | Orb.
     0 | D:1      | Reached XP level 1. HP: 19/19 MP: 1/1
   120 | D:1      | Reached skill level 3 in Axes
   120 | D:1      | Reached XP level 2. HP: 24/27 MP: 2/2
   672 | D:1      | Reached XP level 3. HP: 33/33 MP: 3/3
   879 | D:2      | Noticed Robin
   898 | D:2      | Killed Robin
   898 | D:2      | Reached skill level 4 in Axes
   898 | D:2      | Reached XP level 4. HP: 5/40 MP: 4/4
  1926 | D:2      | Reached XP level 5. HP: 42/47 MP: 5/5
  2178 | D:3      | Found a shimmering blue altar of Sif Muna.
  2178 | D:3      | Found a glowing silver altar of Zin.
  2178 | D:3      | Found a stormy altar of Qazlal.
  2179 | D:3      | Found a basalt altar of Yredelemnul.
  2181 | D:3      | Found a burning altar of Makhleb.
  2311 | D:3      | Found a faded altar of an unknown god.
  2645 | D:3      | Reached skill level 5 in Axes
  3043 | D:3      | Noticed Ijyb
  3055 | D:3      | Killed Ijyb
  3055 | D:3      | Reached XP level 6. HP: 50/53 MP: 6/6
  3786 | D:4      | Found a transporter.
  3792 | D:4      | Found a transporter.
  3792 | D:4      | Noticed slippy's ghost (amateur KoDe)
  3882 | D:4      | Noticed Grinder
  3897 | D:4      | Paralysed by Grinder for 7 turns
  3906 | D:4      | Killed Grinder
  3906 | D:4      | Reached skill level 5 in Fighting
  3906 | D:4      | Reached skill level 6 in Axes
  3906 | D:4      | Reached XP level 7. HP: 28/61 MP: 7/7
  4501 | D:4      | Reached skill level 5 in Armour
  4501 | D:4      | Reached skill level 5 in Shields
  5080 | D:5      | Entered Level 5 of the Dungeon
  5090 | D:5      | Found a staircase to the Ecumenical Temple.
  5095 | Temple   | Entered the Ecumenical Temple
  5458 | D:5      | Reached skill level 7 in Axes
  5960 | D:5      | Reached XP level 8. HP: 64/70 MP: 8/8
  6133 | D:5      | Reached skill level 8 in Axes
  6738 | D:6      | Noticed a yak
  6740 | D:6      | Noticed a yak
  6741 | D:6      | Noticed a yak
  6742 | D:6      | Noticed Duvessa
  6770 | D:5      | Killed a yak
  6776 | D:5      | Killed a yak
  6776 | D:5      | Reached skill level 9 in Axes
  6782 | D:5      | Killed a yak
  7101 | D:6      | Noticed Dowan
  7117 | D:6      | Killed Duvessa
  7117 | D:6      | Reached XP level 9. HP: 73/78 MP: 9/9
  7124 | D:6      | Killed Dowan
  7180 | D:6      | Noticed Pikel
  7187 | D:6      | Killed Pikel
  7187 | D:6      | Reached skill level 10 in Axes
  7388 | D:6      | Found an ancient bone altar of Kikubaaqudgha.
  7948 | D:7      | Reached skill level 11 in Axes
  8035 | D:7      | Found a sand-covered staircase.
  8036 | D:7      | Noticed Harold
  8058 | D:7      | HP: 4/81 [Harold/+2 glaive of protection (31)]
  8061 | D:7      | Killed Harold
  8061 | D:7      | Reached XP level 10. HP: 5/90 MP: 10/10
  8070 | Ossuary  | Entered an ossuary
  8698 | Ossuary  | Identified 3 scrolls of acquirement
  8699 | Ossuary  | Acquired 810 gold pieces
  8700 | Ossuary  | Acquired an uncursed amulet of magic regeneration
  8701 | Ossuary  | Acquired the ring of Adilium {rC+ rN+ Str+4 Dex+3}
  9029 | D:7      | Reached skill level 12 in Axes
  9540 | D:8      | Noticed a two-headed ogre
  9549 | D:8      | Killed a two-headed ogre
  9886 | D:8      | Found Ynerab's Assorted Antiques.
  9894 | D:8      | Bought a pair of embroidered boots for 165 gold pieces
  9894 | D:8      | Bought a glowing war axe for 143 gold pieces
  9894 | D:8      | Bought a phantom mirror for 660 gold pieces
  9894 | D:8      | Bought a runed war axe for 143 gold pieces
  9894 | D:8      | Bought a scroll of identify for 44 gold pieces
  9987 | D:8      | Noticed a two-headed ogre
  9993 | D:8      | Killed a two-headed ogre
  9993 | D:8      | Reached skill level 13 in Axes
  9994 | D:8      | Noticed a two-headed ogre
 10003 | D:8      | Killed a two-headed ogre
 10003 | D:8      | Reached XP level 11. HP: 77/97 MP: 11/11
 10335 | D:8      | Acquired the +7 hand axe "Ytozxyov" {freeze, +Rage rC+
                  | rN+++}
 10414 | D:9      | Found a staircase to the Lair.
 10793 | D:9      | Became a worshipper of Beogh the Brigand
 10933 | D:9      | Found a staircase to the Orcish Mines.
 11300 | D:9      | Found an iron altar of Okawaru.
 11616 | D:10     | Entered Level 10 of the Dungeon
 11616 | D:10     | Noticed a two-headed ogre
 11630 | D:10     | Killed a two-headed ogre
 11630 | D:10     | Reached skill level 10 in Fighting
 11667 | D:10     | Noticed a sphinx
 11669 | D:10     | Paralysed by a sphinx for 3 turns
 11691 | D:10     | HP: 2/99 [sphinx/divine providence (13)]
 12035 | D:10     | Paralysed by a sphinx for 4 turns
 12044 | D:10     | Killed a sphinx
 12044 | D:10     | Reached skill level 14 in Axes
 12235 | D:10     | Reached * piety under Beogh
 12921 | D:10     | Noticed a two-headed ogre
 12927 | D:10     | Killed a two-headed ogre
 13263 | D:11     | Reached ** piety under Beogh
 13551 | D:11     | Reached skill level 15 in Axes
 13553 | D:11     | Reached XP level 12. HP: 59/108 MP: 12/12
 13951 | D:11     | Reached skill level 10 in Armour
 14001 | D:11     | Reached skill level 10 in Shields
 14098 | D:11     | Identified the +8 scimitar "Hupsug" {venom, rF+ rC- rN+
                  | Str+2}
 14098 | D:11     | Noticed an ogre mage
 14118 | D:11     | Killed an ogre mage
 14497 | D:12     | Reached *** piety under Beogh
 14839 | D:12     | Found a radiant altar of Vehumet.
 15091 | D:13     | Noticed a centaur warrior
 15103 | D:13     | Killed a centaur warrior
 15103 | D:13     | Reached skill level 16 in Axes
 15279 | D:13     | Reached **** piety under Beogh
 15671 | D:13     | Found a snail-covered altar of Cheibriados.
 16212 | Lair:1   | Entered Level 1 of the Lair of Beasts
 16212 | Lair:1   | Found a stormy altar of Qazlal.
 16229 | Lair:1   | Noticed a catoblepas
 16252 | Lair:1   | Killed a catoblepas
 16252 | Lair:1   | Reached skill level 1 in Invocations
 16443 | Lair:1   | Noticed a seven-headed hydra
 16455 | Lair:1   | Killed a ten-headed hydra
 16455 | Lair:1   | Reached XP level 13. HP: 70/117 MP: 12/14
 16480 | Lair:1   | HP: 8/177 [komodo dragon (21)]
 16483 | Lair:1   | Demolished by a komodo dragon

Illustrated notes

Levels and vault maps discovered:
D:1:      dpeg_arrival_long_road, layout_basic
D:2:      minmay_chambers_of_ones, layout_basic, kennysheep_cross_bottleneck,
          chequers_serial_rivers_micro_d, uniq_robin
D:3:      kennysheep_goblin_castle, layout_basic, grunt_temple_overflow_open,
          chequers_ecumenical_altar_island, serial_bayou_pond_d,
          minmay_increasing_density
D:4:      layout_basic, gammafunk_ghost_mausoleum, uniq_grinder
D:5:      layout_gridville, temple_doors_cd
D:6:      layout_rooms, lemuel_zombie_altar_kikubaaqudgha, uniq_pikel,
          uniq_duvessa
D:7:      minmay_thinvault, layout_gridville, nicolae_ossuary_entry_ruins,
          ebering_dispersal_statue_hall, uniq_harold
D:8:      layout_basic, serial_glass, glass_columns_c, glass_columns_c,
          glass_columns_c, glass_columns_b, serial_shops,
          nicolae_shop_overgrown_old_shop
D:9:      layout_stronghold, erik_lair_orcish_takeover, orc_0_dummy,
          basic_altar, small_statue_intersection
D:10:     layout_basic, kennysheep_just_a_vault
D:11:     lemuel_ogre_cave, layout_basic
D:12:     layout_cross, basic_altar
D:13:     layout_cave_pods, cheibriados_altar_1
Temple:   eino_temple_rhombus
Lair:1:   layout_misc_corridors, portal_ice_cave_entry_imps, basic_altar,
          beast_lair_carwin_4, infiniplex_staircase_pool_2

Skill      XL: |  1  2  3  4  5  6  7  8  9 10 11 12 13 |
---------------+----------------------------------------+-----
Axes           | 3 4 5 6 7 9 11 13 15 16 | 16.7
Fighting       | 4 5 6 8 9 10 11 12 | 12.0
Armour         | 4 5 6 7 8 9 11 | 11.3
Shields        | 4 5 6 7 8 9 10 11 | 11.1
Invocations    | 1 2 |  2.6

Action                   |  1- 3 |  4- 6 |  7- 9 | 10-12 | 13-15 || total
-------------------------+-------+-------+-------+-------+-------++-------
Melee: War axe           |    83 |   206 |   200 |   173 |       ||   662
       Hand axe          |       |       |       |   506 |    14 ||   520
Throw: Throwing net      |       |       |       |     1 |       ||     1
Invok: Convert to Beogh  |       |       |       |     1 |       ||     1
       Smiting           |       |       |       |       |     1 ||     1
 Abil: Evoke Berserk Rag |       |       |       |     1 |       ||     1
Evoke: Wand              |       |     1 |     2 |     5 |     1 ||     9
       Box of beasts     |       |       |       |     1 |       ||     1
       Phantom mirror    |       |       |       |     1 |       ||     1
       Tin of tremorston |       |       |       |     1 |       ||     1
  Use: Potion            |     1 |     2 |     5 |     2 |     1 ||    11
       Scroll            |       |    15 |     5 |    17 |       ||    37
Armor: Scale mail        |    59 |    75 |    75 |   185 |     6 ||   400
Dodge: Dodged            |    42 |    56 |    54 |   162 |     8 ||   322
Block: Kite shield       |    64 |   108 |    95 |   320 |    13 ||   600

Table legend: (Time is in decaauts)
 A = Elapsed time spent in this place.
 B = Non-inter-level travel time spent in this place.
 C = Inter-level travel time spent in this place.
 D = Time resting spent in this place.
 E = Time spent auto-exploring this place.
 F = Levels seen in this place.
 G = Mean time per level.
                   A        B        C        D        E       F      G
               +--------+--------+--------+--------+--------+-----+--------+
         Total |  16462 |  15987 |    475 |   2806 |   9986 |  16 | 1028.9 |
       Dungeon |  15211 |  14736 |    475 |   2310 |   9742 |  13 | 1170.1 |
        Temple |    345 |    345 |      0 |      0 |    107 |   1 |  345.0 |
          Lair |    258 |    258 |      0 |     66 |    127 |   1 |  258.0 |
       Ossuary |    646 |    646 |      0 |    430 |     10 |   1 |  646.0 |
               +--------+--------+--------+--------+--------+-----+--------+

Top non-repeatable levels by time:
     D:9: 1670 daAuts
     D:4: 1597 daAuts
     D:5: 1592 daAuts
    D:11: 1433 daAuts
     D:2: 1406 daAuts
     D:3: 1361 daAuts
    D:13: 1196 daAuts
    D:10: 1052 daAuts
     D:7: 982 daAuts
     D:8: 915 daAuts
     D:1: 825 daAuts
     D:6: 776 daAuts
 Ossuary: 646 daAuts
    D:12: 401 daAuts
  Temple: 345 daAuts
